AoeStats
← 凉拌皮蛋

Hill Fort

506847125Analyzed
4v4 RM · 18d ago on Sep 15, 2026· 51m 4s· 8 players
Game mode
Random Map
Map size
Large (8 player)
Population
200
Speed
Normal
Resources
Standard
Victory
Conquest
Starting age
Dark Age
Ending age
Imperial Age
RankedLock teamsTeams togetherTeam positionsShared explorationLock speedFull tech treeHidden civsTurbo modeCheats
Victory
Defeat
🇨🇳 Muisca · China
1912
+11
🇨🇳 Berbers · China
1869
+12
🇨🇳 Japanese · China
1825
+14
🇨🇳 Magyars · China
1640
+22
🇨🇳 Malay · China
2015
-23
🇨🇳 Italians · China
1832
-17
🇨🇳 Spanish · China
1742
-13
🇨🇳 Hindustanis · China
1549
-6
_LY_lyx
6:59 Loom
9:17 Feudal Age
8:54 Double-Bit Axe
8:50 Fishing Lines
19:31 Wheelbarrow
19:42 Gold Mining
23:34 Castle Age
24:09 Medium Warships
23:49 Fletching
24:56 Bodkin Arrow
29:49 Imperial Age
27:32 Scale Barding Armor
29:58 Imperial Age
28:23 Forging
28:13 Town Watch
30:38 Husbandry
31:15 Iron Casting
31:48 Elite Battle Elephant
34:59 Blast Furnace
35:45 Gold Shaft Mining
36:49 Hand Cart
37:20 Conscription
40:47 Bracer
40:47 Padded Archer Armor
40:49 Elite Skirmisher
41:45 Bow Saw
41:51 Thumb Ring
42:18 Ballistics
42:54 Leather Archer Armor
42:53 Thalassocracy
43:48 Masonry
44:25 Ring Archer Armor
45:38 Chemistry
47:04 Heavy Warships
47:46 Careening
47:47 Clinker Construction
49:47 Elite Cannon Galleon
xan
10:26 Feudal Age
14:08 Castle Age
12:00 Horse Collar
12:51 Double-Bit Axe
18:53 Loom
20:48 Fletching
24:37 Wheelbarrow
24:19 Bow Saw
24:39 Bodkin Arrow
26:02 Gold Mining
26:40 Stone Mining
30:42 Imperial Age
28:56 Ballistics
28:52 Padded Archer Armor
31:50 Stone Shaft Mining
31:26 Bracer
32:27 Chemistry
33:01 Leather Archer Armor
45:21 Ring Archer Armor
凉拌皮蛋
11:03 Feudal Age
14:37 Castle Age
12:47 Double-Bit Axe
13:04 Horse Collar
15:28 Bow Saw
22:19 Wheelbarrow
21:45 Heavy Plow
22:05 Gold Mining
22:26 Stone Mining
23:14 Husbandry
23:53 Scale Barding Armor
24:53 Forging
24:57 Bloodlines
26:00 Chain Barding Armor
28:46 Stone Shaft Mining
28:46 Gold Shaft Mining
28:36 Hand Cart
29:08 Iron Casting
29:28 Loom
32:38 Imperial Age
32:44 Heavy Camel Rider
34:00 Plate Barding Armor
34:26 Blast Furnace
33:43 Grand Trunk Road
34:03 Conscription
39:13 Two-Man Saw
38:03 Imperial Camel Rider
43:45 Hoardings
43:24 Masonry
44:18 Light Cavalry
45:28 Hussar
46:44 Caravan
血色浪漫99199
0:58 Loom
11:19 Feudal Age
15:14 Castle Age
13:26 Double-Bit Axe
14:13 Horse Collar
16:05 Bow Saw
19:26 Town Watch
21:32 Padded Archer Armor
23:49 Husbandry
26:51 Bloodlines
27:53 Leather Archer Armor
28:41 Wheelbarrow
28:12 Gold Mining
30:54 Fletching
32:40 Hand Cart
39:24 Imperial Age
38:13 Bodkin Arrow
39:32 Elite Conquistador
42:17 Ring Archer Armor
45:49 Bracer
46:48 Conscription
46:31 Stone Mining
46:24 Elite Skirmisher
47:11 Thumb Ring
50:00 Ballistics
50:41 Chemistry
Coriandrum sativum
11:31 Feudal Age
10:45 Loom
15:14 Castle Age
13:23 Double-Bit Axe
13:44 Horse Collar
16:19 Bow Saw
21:20 Scale Barding Armor
25:13 Wheelbarrow
27:13 Chain Barding Armor
27:41 Gold Mining
29:04 Hand Cart
32:27 Imperial Age
30:19 Heavy Plow
30:47 Fletching
30:57 Padded Archer Armor
31:21 Ballistics
31:14 Stone Mining
32:03 Gold Shaft Mining
31:47 Bodkin Arrow
31:46 Town Watch
32:46 Thumb Ring
32:38 Heavy Cavalry Archer
33:48 Bracer
35:08 Chemistry
34:46 Recurve Bow
34:57 Husbandry
36:02 Leather Archer Armor
36:25 Bloodlines
37:17 Parthian Tactics
38:13 Conscription
38:55 Plate Barding Armor
37:55 Elite Magyar Huszar
40:35 Ring Archer Armor
40:20 Corvinian Army
42:42 Caravan
45:25 Crop Rotation
46:21 Coinage
50:14 Two-Man Saw
夏天九号
11:35 Feudal Age
12:24 Double-Bit Axe
15:16 Castle Age
13:46 Fletching
14:21 Horse Collar
15:10 Padded Archer Armor
15:54 Bodkin Arrow
17:27 Husbandry
18:16 Loom
19:02 Bow Saw
19:43 Bloodlines
20:19 Gold Mining
22:17 Ballistics
22:36 Wheelbarrow
23:59 Town Watch
24:30 Hand Cart
42:19 Imperial Age
40:44 Gold Shaft Mining
39:48 Pikeman
40:28 Squires
41:32 Scale Mail Armor
41:43 Forging
43:00 Chain Mail Armor
42:59 Halberdier
45:04 Plate Mail Armor
45:15 Iron Casting
45:03 Conscription
47:14 Coinage
47:36 Treadmill Crane
48:07 Masonry
48:36 Caravan
48:48 Arson
50:06 Blast Furnace
Starsky
10:23 Feudal Age
14:31 Castle Age
12:32 Double-Bit Axe
12:29 Horse Collar
14:24 Loom
15:23 Bow Saw
15:21 Heavy Plow
19:32 Wheelbarrow
23:06 Hand Cart
24:35 Gold Mining
24:39 Stone Mining
26:40 Gold Shaft Mining
29:15 Imperial Age
27:07 Scale Mail Armor
27:34 Herbalism
27:27 Champi Runner
28:36 Squires
29:24 Chain Mail Armor
29:19 Forging
28:49 Champi Warrior
30:36 Plate Mail Armor
30:37 Conscription
29:46 Elite Champi Warrior
30:55 Forging
32:49 Iron Casting
33:25 Fletching
35:15 Bodkin Arrow
36:34 Bracer
36:56 Ballistics
36:41 Siege Engineers
38:06 Chemistry
37:42 Masonry
37:50 Padded Archer Armor
37:13 Elite Guecha Warrior
39:10 Leather Archer Armor
39:59 Masonry
41:28 Treadmill Crane
42:39 Hoardings
49:51 Crop Rotation
50:22 Two-Man Saw
H萝卜
11:48 Feudal Age
15:57 Castle Age
14:19 Double-Bit Axe
14:16 Horse Collar
18:16 Fletching
19:38 Gold Mining
20:26 Loom
21:14 Bodkin Arrow
21:36 Bow Saw
23:48 Bodkin Arrow
25:26 Wheelbarrow
26:52 Hand Cart
27:34 Ballistics
27:18 Padded Archer Armor
30:26 Town Watch
32:22 Bloodlines
32:13 Husbandry
34:55 Imperial Age
34:37 Kasbah
34:46 Kasbah
34:55 Thumb Ring
35:30 Masonry
35:02 Treadmill Crane
35:33 Masonry
36:21 Conscription
35:21 Elite Camel Archer
37:25 Chemistry
36:28 Bracer
42:52 Hoardings
42:39 Leather Archer Armor
42:32 Scale Barding Armor
42:38 Forging
44:52 Ring Archer Armor
47:15 Gold Shaft Mining
48:12 Siege Engineers
48:14 Caravan
48:55 Maghrebi Camels
Connection lost

Rejoining the realm…

Still unreachable

The connection could not be restored.

Session expired

The server has moved on; the page needs a fresh start.